 Dungeon Crawl Stone Soup version 0.21-a0-404-g291f19a (webtiles) character file.

35 Azzok the Firebug (level 3, 0/26 HPs)
             Began as a Hill Orc Fire Elementalist on Oct 31, 2017.
             Slain by Sigmund
             ... wielding a +0 scythe
              (1 damage)
             ... on level 2 of the Dungeon.
             The game lasted 00:03:25 (1014 turns).

Azzok the Firebug (Hill Orc Fire Elementalist)      Turns: 1014, Time: 00:03:25

Health: 0/26       AC:  3    Str: 10    XL:     3   Next: 33%
Magic:  5/5        EV: 11    Int: 16    God:
Gold:   23         SH:  4    Dex: 11    Spells: 4/5 levels left

rFire    . . .     SeeInvis .   f - +4 dagger (venom)
rCold    . . .     Gourm    .   d - +0 buckler
rNeg     . . .     Faith    .   a - +0 robe
rPois    .         Spirit   .   (no helmet)
rElec    .         Reflect  .   (no cloak)
rCorr    .         Harm     .   (no gloves)
MR       .....                  j - +0 pair of boots
Stlth    ++........             (no amulet)
HPRegen  0.08/turn              (no ring)
MPRegen  0.09/turn              (no ring)

@: no status effects
A: no striking features
a: no special abilities


You were on level 2 of the Dungeon.
You were not hungry.

You visited 1 branch of the dungeon, and saw 2 of its levels.

You collected 23 gold pieces.

Inventory:

Hand Weapons
 f - a +4 dagger of venom (weapon)
 l - a +2 short sword of electrocution
Armour
 a - a +0 robe (worn)
 d - a +0 buckler (worn)
 j - a +0 pair of boots (worn)
Jewellery
 i - an uncursed amulet of regeneration {unknown}
Scrolls
 k - a scroll of magic mapping {unknown}
Potions
 e - a potion of resistance {unknown}
 h - a potion of lignification {unknown}
 m - a potion of invisibility {unknown}
Books
 b - a book of Flames

   Spells                             Type                      Level
   a - Flame Tongue                   Conjuration/Fire             1
   b - Throw Flame                    Conjuration/Fire             2
   c - Conjure Flame                  Conjuration/Fire             3
   d - Inner Flame                    Hexes/Fire                   3
   e - Sticky Flame                   Conjuration/Fire             4
   f - Fireball                       Conjuration/Fire             5
Comestibles
 c - 2 bread rations


   Skills:
 - Level 1.5 Dodging
 - Level 1.5 Stealth
 * Level 1.6 Shields
 - Level 1.9 Spellcasting
 - Level 1.6 Conjurations
 - Level 3.7 Fire Magic


You had 4 spell levels left.
You knew the following spells:

 Your Spells              Type           Power        Failure   Level  Hunger
a - Flame Tongue          Conj/Fire      ##...        10%         1    #......


Dungeon Overview and Level Annotations

Branches:
Dungeon (2/15)

Altars:

Annotations:
D:2 Sigmund


Message History

You climb downwards.
There is a stone staircase leading up here.
There is a stone staircase leading up here.
A goblin and Sigmund come into view.
Sigmund points at you and mumbles some strange words.
The puff of flame hits you!
Found a war axe.
Sigmund gestures wildly while chanting.
Sigmund flickers and vanishes!
Deactivating autopickup; reactivate with Ctrl-A.
There is a stone staircase leading up here.
The goblin hits you with a dagger.
You miss the goblin. The goblin barely misses you.
The goblin hits you but does no damage.
You closely miss the goblin. Something hits you!!
Ouch! That really hurt!
* * * LOW HITPOINT WARNING * * *
The goblin hits you but does no damage.
You closely miss the goblin. Something hits you.
You die...

···▒ ▒·@▒ ▒ ······ g·▒·▒
)··· ▒▒▒▒▒▒▒▒▒▒▒▒▒▒▒·▒▒▒▒
····················
▒▒▒▒▒▒▒▒▒▒▒▒▒▒·········▒▒▒▒
········<·@g{··············
▒▒▒▒▒▒▒▒▒▒▒▒▒▒·············
▒▒▒▒▒▒·▒▒▒▒▒▒▒ ········▒
▒▒▒▒▒▒▒▒▒


You could see a goblin.

Vanquished Creatures
  An ooze (D:1)
  A leopard gecko (D:1)
  4 giant cockroaches (D:1)
  3 goblins (D:1)
  A hobgoblin (D:1)
  4 jackals (D:1)
  3 kobolds (D:1)
  4 bats (D:1)
  2 frilled lizards (D:1)
  4 rats (D:1)
27 creatures vanquished.

Notes
Turn   | Place    | Note
-------+----------+-------------------------------------------
     0 | D:1      | Azzok the Hill Orc Fire Elementalist began the quest for the Orb.
     0 | D:1      | Reached XP level 1. HP: 14/14 MP: 3/3
   154 | D:1      | Reached XP level 2. HP: 15/20 MP: 4/4
   493 | D:1      | Reached XP level 3. HP: 26/26 MP: 5/5
   494 | D:1      | Reached skill level 1 in Shields
   995 | D:2      | Noticed Sigmund
  1013 | D:2      | HP: 1/26 [something (19)]
  1014 | D:2      | Slain by Sigmund

Vault maps used:
D:1:      roderic_crop_circles_arrival_small, palyth_stone_intersect
D:2:      old_standard_altar, first_bread, uniq_sigmund

Skill      XL: |  1  2  3 |
---------------+----------+-----
Shields        | 1 |  1.6
Dodging        | |  1.5
Stealth        | |  1.5
Spellcasting   | |  1.9
Conjurations   | |  1.6
Fire Magic     | |  3.7

Action                   || total
-------------------------++-------
Melee: Dagger            ||    49
       Unarmed           ||     4
 Cast: Flame Tongue      ||     5
Armor: Robe              ||    22
Dodge: Dodged            ||    31
Block: Buckler           ||     2

Table legend:
 A = Spawn XP
 B = Non-spawn XP
 C = Spawn XP percentage of total XP
 D = Spawn monster count
 E = Non-spawn monster count
 F = Spawn count percentage of total count
 G = Total turns spent on level
                    A         B        C        D         E        F      G
               +---------+---------+-------+---------+---------+-------+---------
         Total |       0 |      50 |   0.0 |       0 |      27 |   0.0 |  1014
               +---------+---------+-------+---------+---------+-------+---------
           D:1 |       0 |      50 |   0.0 |       0 |      27 |   0.0 |   979
               +---------+---------+-------+---------+---------+-------+---------
